AoeStats
← silvajuank

Golden Pit

509761474Analyzed
1v1 RM · 5d ago on Sep 27, 2026· 39m 55s· 2 players
Game mode
Random Map
Map size
Tiny (2 player)
Population
200
Speed
Normal
Resources
Standard
Victory
Conquest
Starting age
Dark Age
Ending age
Imperial Age
RankedLock teamsTeams togetherTeam positionsShared explorationLock speedFull tech treeHidden civsTurbo modeCheats
Victory
Defeat
🇦🇷 Mongols · Argentina
960
+16
🇦🇷 Bengalis · Argentina
960
-16
derio
6:56 Loom
9:46 Feudal Age
10:42 Double-Bit Axe
10:59 Horse Collar
19:02 Castle Age
17:59 Forging
18:31 Scale Barding Armor
19:07 Bloodlines
19:11 Gold Mining
19:56 Husbandry
20:17 Husbandry
20:18 Stone Mining
23:33 Town Watch
25:18 Chain Barding Armor
27:50 Ballistics
27:22 Fletching
26:56 Elite Skirmisher
30:28 Wheelbarrow
30:15 Masonry
30:39 Bodkin Arrow
32:24 Iron Casting
36:04 Gold Shaft Mining
38:34 Imperial Age
38:17 Hand Cart
40:38 Plate Barding Armor
silvajuank
7:30 Loom
9:44 Feudal Age
10:59 Double-Bit Axe
12:14 Horse Collar
19:58 Castle Age
18:47 Fletching
19:48 Bloodlines
20:18 Scale Barding Armor
21:12 Bow Saw
21:27 Padded Archer Armor
22:08 Husbandry
22:07 Gold Mining
23:30 Wheelbarrow
22:41 Town Watch
25:05 Bodkin Arrow
30:25 Chain Barding Armor
31:50 Forging
33:40 Heavy Plow
38:27 Imperial Age
37:27 Iron Casting
38:22 Masonry
38:29 Leather Archer Armor
38:59 Hand Cart
Connection lost

Rejoining the realm…

Still unreachable

The connection could not be restored.

Session expired

The server has moved on; the page needs a fresh start.